Map: Sang chaud EC

Players

WangFugui - Winner!

  • Race: Terran Terran
  • League: Platinum
  • Spawn Location: 11:00

zidar

  • Race: Zerg Zerg
  • League: Gold
  • Spawn Location: 5:00

VOD

Have the link to the VOD?

Description

Time

  • Played on: June 26, 2017, 7:21 a.m.
  • Length: 9:28
Show
View Real Time Build Order
Export as new Build Order

WangFugui Terran - Winner!

Build Orders: Gas First Reaper Expand 

Get SALT Encoding   

  12  0:00  Unknown  
  12  0:02  SCV  
  13  0:14  SCV  
  13  0:18  Supply Depot  
  14  0:26  SCV  
  15  0:31  Refinery  
  15  0:42  Barracks  
  15  0:45  SCV  
  16  0:58  SCV  
  17  1:10  SCV  
  18  1:20  Barracks  
  18  1:25  SCV  
  19  1:30  Reaper  
  20  1:37  Orbital Command  
  20  2:03  Command Center  
  20  2:14  Barracks Tech Lab  
  20  2:17  Barracks Reactor  
  20  2:21  Supply Depot  
  20  2:24  SCV  
  21  2:36  SCV  
  22  2:46  Stimpack  
  22  2:56  Refinery  
  22  2:57  Marine x2  
  24  3:02  Factory  
  24  3:18  Marine x2  
  26  3:23  Orbital Command  
  26  3:34  Marine  
  26  3:36  Marine  
  28  3:43  Supply Depot  
  28  3:45  Supply Depot  
  28  3:47  Starport  
  28  3:51  Factory Reactor  
  28  3:52  Marine x2  
  30  4:00  Marine  
  30  4:01  SCV  
  32  4:10  Marine  
  33  4:17  Marine  
  33  4:20  SCV x2  
  36  4:25  Viking, Supply Depot  
  38  4:35  Engineering Bay  
  38  4:39  Marine x3  
  41  4:49  Factory Reactor  
  41  4:50  SCV  
  41  4:51  SCV  
  43  5:03  SCV  
  43  5:06  Medivac  
  43  5:07  Marine x2, Medivac  
  48  5:08  SCV  
  48  5:09  Terran Infantry Weapons Level 1  
  51  5:15  SCV  
  51  5:17  Supply Depot  
  51  5:20  SCV  
  53  5:21  Missile Turret  
  53  5:22  Missile Turret  
  53  5:25  Missile Turret  
  53  5:27  Combat Shield, SCV  
  54  5:32  SCV  
  59  5:39  SCV  
  59  5:41  Widow Mine  
  59  5:42  Widow Mine  
  60  6:05  Marine x2  
  60  6:10  Barracks x3  
  62  6:12  Command Center  
  62  6:47  Marine  
  62  6:52  Medivac x2  
  62  6:53  SCV x2  
  68  6:57  Refinery  
  68  7:01  Supply Depot  
  68  7:02  Supply Depot  
  68  7:05  SCV x2  
  70  7:17  SCV x2  
  76  7:23  Concussive Shells  
  76  7:24  Marine  
  76  7:25  Marine, Supply Depot, Orbital Command  
  76  7:27  Barracks Reactor x2  
  76  7:29  Widow Mine x2  
  78  7:34  Liberator  
  78  7:36  Barracks Reactor  
  78  7:38  Fusion Core  
  78  7:43  SCV  
  78  7:44  SCV  
  80  7:48  Marine x2  
  80  7:49  Marine  
  84  8:51  Marine  
  84  8:52  Marine x8  
  97  9:01  Widow Mine x2  
  96  9:09  Marine  
  97  9:10  Marine x6  
Show
View Real Time Build Order
Export as new Build Order

zidar Zerg 

Build Orders: Hatch First, Muta Ling Bane 

Get SALT Encoding   

  12  0:00  Unknown  
  12  0:01  Drone  
  13  0:12  Overlord  
  13  0:17  Drone  
  14  0:31  Drone x2  
  16  0:54  Hatchery  
  16  0:55  Drone  
  16  1:00  Extractor  
  16  1:01  Drone  
  16  1:30  Spawning Pool  
  14  1:37  Drone  
  14  1:38  Drone  
  16  1:48  Drone  
  16  1:51  Drone  
  18  1:59  Drone  
  19  2:05  Drone  
  20  2:16  Metabolic Boost  
  20  2:20  Queen  
  20  2:22  Queen  
  22  2:25  Zergling x2  
  22  2:28  Zergling x2  
  26  2:32  Zergling x2  
  26  3:11  Lair  
  26  3:34  Evolution Chamber  
  26  3:40  Baneling Nest  
  24  3:44  Evolution Chamber  
  24  3:45  Drone x5  
  28  3:50  Pneumatized Carapace  
  28  3:53  Overlord x3  
  28  3:54  Overlord  
  28  4:04  Extractor  
  27  4:25  Zerg Melee Weapons Level 1  
  27  4:34  Drone x8  
  35  4:43  Extractor  
  35  4:44  Extractor  
  33  4:52  Centrifical Hooks  
  33  4:57  Drone  
  33  4:58  Drone  
  35  5:02  Drone  
  35  5:06  Drone  
  37  5:10  Drone  
  38  5:30  Queen  
  38  5:31  Drone x4  
  44  5:37  Zerg Ground Armor Level 1  
  44  5:40  Zergling x2  
  44  5:42  Zergling x2  
  46  5:44  Zergling x2  
  46  5:46  Zergling x2  
  48  6:06  Baneling x6  
  48  6:09  Zergling x8  
  50  6:25  Zerg Melee Weapons Level 2  
  39  6:33  Infestation Pit  
  37  6:52  Zergling x2  
  37  6:53  Zergling x12  
  44  6:58  Baneling x2  
  44  6:59  Baneling x5  
  44  7:07  Overlord x2  
  40  7:33  Baneling x3  
  40  7:34  Spire, Baneling  
  39  7:37  Drone  
  40  7:53  Drone x4  
  41  8:43  Drone x7  
  41  8:44  Drone x3  
  47  8:54  Mutalisk x3  
  50  9:00  Overseer  
Tags
 
Add a new tag
Caveats
  • Supply blocks, unpowered buildings, or Contaminate may cause inaccurate times.
  • Supply counts are checked every 10 seconds.